Map: Ujari

Players

Metasapien - Winner!

  • Race: Zerg Zerg
  • League: Platinum
  • Spawn Location: 3:00

RODRIGO - Winner!

  • Race: Terran Terran
  • Spawn Location: 3:00

bizou - Winner!

  • Race: Zerg Zerg
  • Spawn Location: 0:00

WidowMaker

  • Race: Protoss Protoss
  • Spawn Location: 0:00

OMG

  • Race: Terran Terran
  • League: Gold
  • Spawn Location: 9:00

Slugger

  • Race: Protoss Protoss
  • Spawn Location: 9:00

VOD

Have the link to the VOD?

Description

Time

  • Played on: Sept. 24, 2017, 5:22 p.m.
  • Length: 20:40
Show
View Real Time Build Order
Export as new Build Order

Metasapien Zerg - Winner!

Build Orders: Hatch First, Swarm Host 

Get SALT Encoding   

  12  0:12  Overlord  
  12  0:43  Hatchery  
  12  0:44  Drone, Extractor  
  12  0:49  Drone  
  12  0:54  Drone  
  13  1:00  Drone  
  14  1:18  Spawning Pool  
  13  1:21  Drone  
  14  1:30  Drone  
  14  1:32  Drone  
  16  1:39  Drone  
  17  1:49  Drone  
  18  2:00  Drone  
  19  2:07  Drone  
  21  2:22  Drone, Hatchery  
  21  2:25  Drone  
  21  2:35  Queen  
  23  2:44  Queen  
  23  2:50  Drone x2  
  27  2:57  Overlord  
  27  3:03  Metabolic Boost  
  27  3:08  Extractor  
  27  3:11  Overlord  
  26  3:20  Drone  
  26  3:21  Drone  
  26  3:26  Drone x3  
  31  3:30  Drone  
  32  3:38  Lair  
  32  3:40  Drone  
  33  3:48  Overlord  
  33  4:04  Baneling Nest  
  32  4:11  Zergling x8  
  32  4:12  Zergling x2  
  32  4:14  Drone x2  
  32  4:15  Drone  
  32  4:16  Drone, Queen  
  43  4:23  Overlord  
  43  4:24  Extractor x2  
  42  4:25  Drone  
  42  4:27  Zergling x2  
  42  4:29  Zergling x2  
  44  4:35  Pneumatized Carapace  
  44  4:38  Zergling x4  
  46  4:44  Zergling x6  
  48  4:50  Zergling x4  
  48  4:51  Zergling x2  
  51  5:01  Drone x2  
  53  5:13  Drone x2  
  53  5:14  Drone  
  56  5:17  Infestation Pit  
  55  5:21  Zergling x2  
  55  5:22  Hydralisk Den, Zergling x12  
  55  5:27  Drone x3  
  64  5:28  Drone  
  64  5:34  Overlord x2  
  62  5:37  Zergling x2  
  62  5:42  Baneling x2  
  62  5:43  Baneling x2  
  62  5:44  Baneling  
  48  6:00  Zergling x2  
  48  6:01  Zergling x8, Hydralisk  
  48  6:02  Zergling x2  
  48  6:03  Zergling x4  
  50  6:17  Drone x3  
  49  6:19  Drone x5  
  49  6:20  Drone  
  55  6:36  Drone  
  55  6:37  Drone x2  
  58  6:40  Queen  
  58  6:44  Drone  
  61  6:51  Drone  
  61  6:52  Drone  
  63  6:57  Drone x3  
  63  6:59  Queen  
  68  7:03  Burrow  
  68  7:09  Spine Crawler  
  68  7:11  Spine Crawler  
  68  7:13  Drone x3  
  68  7:15  Spore Crawler  
  68  7:19  Spine Crawler  
  68  7:21  Drone  
  68  7:22  Drone x2, Extractor  
  69  7:23  Drone  
  69  7:24  Drone x2  
  72  7:43  Extractor  
  71  7:48  Hatchery  
  70  7:54  Evolution Chamber x2  
  68  8:02  Drone x5  
  68  8:03  Drone x2  
  75  8:15  Drone x3, Nydus Network  
  75  8:17  Drone  
  75  8:18  Drone  
  79  8:20  Overlord x2, Drone  
  79  8:21  Overlord x4  
  78  8:42  Hydralisk x5  
  78  8:43  Hydralisk  
  77  9:18  Drone x14  
  70  9:42  Drone x2  
  70  9:45  Drone  
  73  9:46  Drone x2  
  73  9:47  Drone  
  73  9:48  Drone  
  73  9:50  Drone x7  
  73  9:51  Drone x2, Hydralisk x2  
  73  9:52  Hydralisk x4  
  92  9:53  Hydralisk x2  
  102  10:00  Zerg Ground Armor Level 1, Zerg Missile Weapons Level 1  
  102  10:05  Queen x2  
  106  10:10  Overlord x5  
  106  10:18  Extractor  
  106  10:20  Extractor  
  105  10:21  Drone  
  105  10:23  Drone x2  
  105  10:24  Drone x2  
  109  10:30  Swarm Host x2  
  109  10:31  Swarm Host x2  
  121  10:43  Hive  
  121  10:44  Muscular Augments  
  121  10:56  Swarm Host x6, Zergling x2  
  121  10:57  Swarm Host x6  
  158  11:19  Overseer  
  158  11:20  Overseer x3  
  158  11:22  Swarm Host x2  
  158  11:24  Overlord x2  
  158  11:25  Overlord x4  
  165  11:34  Nydus Canal  
  165  11:40  Zergling x10  
  165  11:41  Zergling x4  
  172  12:14  Hydralisk x4  
  172  12:15  Hydralisk x5  
  182  12:16  Hydralisk x3  
  186  12:38  Hydralisk x4  
  170  13:05  Spire  
  169  13:06  Ultralisk Cavern  
  169  13:07  Hydralisk x2  
  169  13:08  Hydralisk x5  
  182  13:30  Nydus Canal  
  182  13:39  Zerg Missile Weapons Level 2, Zerg Ground Armor Level 2  
  182  13:57  Swarm Host  
  182  13:58  Swarm Host x2  
  182  13:59  Overlord x2  
  182  14:00  Overlord x3  
  191  14:23  Hatchery  
  188  14:26  Extractor  
  188  14:28  Extractor  
  142  14:39  Corruptor x5  
  137  15:02  Corruptor x2  
  137  15:03  Corruptor  
  140  15:10  Zergling x16  
  140  15:11  Zergling x34  
  163  15:55  Zerg Melee Weapons Level 1  
  163  15:57  Greater Spire  
  163  15:59  Hatchery  
  163  16:00  Zergling x12  
  163  16:01  Zergling x16  
  163  16:03  Extractor  
  175  16:05  Nydus Canal, Extractor  
  158  16:45  Hydralisk  
  158  16:46  Zergling x2  
  163  16:47  Zergling x20  
  169  16:59  Ultralisk  
  169  17:00  Ultralisk  
  180  17:02  Ultralisk x2  
  180  17:04  Nydus Canal  
  191  17:35  Zergling x8  
  191  17:36  Zergling x4  
  197  17:41  Brood Lord  
  196  18:25  Brood Lord x3  
  198  18:45  Nydus Canal  
  198  19:18  Overlord x2  
  198  19:30  Nydus Canal  
  198  19:37  Overseer x2  
  198  19:38  Overseer x2  
Show
View Real Time Build Order
Export as new Build Order

RODRIGO Terran - Winner!

Build Orders:  

Get SALT Encoding   

  12  1:07  SCV  
  13  1:14  Supply Depot  
  13  1:16  Refinery, Command Center  
  13  1:19  SCV  
  14  1:35  SCV  
  15  1:46  Barracks  
  15  1:47  SCV  
  16  2:07  Barracks  
  16  2:08  Barracks  
  16  2:10  SCV  
  17  2:25  SCV  
  18  2:35  Factory  
  18  2:38  Marine  
  19  2:55  Marine x2  
  21  2:58  SCV  
  21  3:01  SCV  
  21  3:02  Marine  
  24  3:14  Marine x2  
  24  3:19  Factory Tech Lab  
  26  3:24  Marine  
  27  3:29  SCV x2  
  29  3:35  Marine  
  29  3:36  Marine  
  29  3:39  Siege Tank  
  34  3:47  Refinery  
  34  3:48  Marine  
  35  3:55  Marine  
  35  3:56  Marine  
  37  4:08  Supply Depot  
  37  4:09  Marine  
  38  4:18  Orbital Command  
  38  4:25  Orbital Command  
  38  4:29  Marine  
  39  4:35  Siege Tank  
  42  4:43  Marine x2  
  44  4:46  SCV  
  45  4:53  Marine  
  46  5:01  Supply Depot  
  46  5:06  Supply Depot  
  46  5:22  Siege Tank, Marine x2  
  42  5:54  Marine x3  
  45  6:12  Marine  
  45  6:14  Marine x2  
  41  6:33  Marine x2  
  41  6:34  Marine  
  44  6:46  Siege Tank  
  47  6:51  Marine  
  36  7:08  Barracks Reactor x2  
  36  7:13  SCV x2  
  38  7:24  Barracks  
  38  7:25  SCV x2  
  38  7:26  Refinery, Barracks Tech Lab  
  38  7:27  Siege Tank, Barracks  
  43  7:37  SCV x2  
  45  7:49  SCV x2, Supply Depot  
  45  7:51  Marauder, Marine x3  
  49  7:55  Stimpack  
  52  8:00  Siege Tank  
  52  8:01  SCV  
  52  8:02  SCV  
  57  8:06  Engineering Bay x2  
  57  8:13  SCV  
  57  8:14  SCV  
  57  8:17  Barracks Reactor  
  57  8:18  Barracks Tech Lab  
  57  8:19  Marine  
  61  8:20  Marauder, Marine  
  63  8:31  Marine x2  
  63  8:32  Supply Depot  
  65  8:37  Marine  
  68  8:41  Marauder  
  68  8:50  Marauder  
  68  8:53  Combat Shields, Marine x3  
  73  8:59  Terran Infantry Weapons Level 1  
  73  9:00  Terran Infantry Armor Level 1  
  73  9:07  Marine  
  73  9:08  Marine x2  
  76  9:22  Marine  
  76  9:23  Marine x4  
  81  9:34  Marine x2  
  81  9:35  Marine  
  84  9:40  Marine  
  84  9:41  Supply Depot, Marine x4  
  84  9:43  Siege Tank, Supply Depot  
  84  9:44  Supply Depot x2  
  92  9:52  Marine x2  
  93  9:56  Concussive Shells  
  94  10:02  Marine x4  
  94  10:03  Marauder x2  
  102  10:10  Marine x2  
  104  10:24  Marauder  
  101  10:34  Marine x2  
  101  10:35  Marine  
  90  10:48  Marine x5  
  93  10:52  Marine  
  93  10:53  Marine x2  
  75  11:06  Marine x5  
  75  11:10  Marine x3  
  72  11:15  Siege Tank  
  75  11:23  Marine  
  75  11:24  Marine x4  
  80  11:28  Marine x3  
  77  11:41  Marine  
  77  11:42  Marine x4  
  77  11:46  Marine x3  
  84  11:47  Siege Tank  
  87  11:59  Marine x4  
  87  12:00  Marine  
  77  12:03  Marine  
  77  12:04  Marine x2  
  65  12:17  Marine x3  
  65  12:18  Marauder x2  
  65  12:21  Marine  
  65  12:22  Marine  
  74  12:31  SCV x2  
  74  12:34  Marine  
  74  12:35  Marine x2  
  79  12:39  Marauder x2  
  79  12:41  Marine  
  79  12:42  Marine x2  
  79  12:43  SCV x2  
  88  12:55  SCV x2  
  90  12:59  Marine x2  
  90  13:00  Marine x4  
  90  13:01  Marauder x2  
  100  13:17  Marine  
  101  13:22  Marauder  
  101  13:24  Command Center  
  103  13:35  SCV x2  
  105  13:47  SCV  
  106  14:16  Command Center  
  106  14:19  SCV x2  
  108  14:24  Marauder, Marine x2  
  108  14:28  Refinery  
  108  14:31  SCV x2  
  114  14:40  Orbital Command  
  114  14:41  Marine x4  
  114  14:43  SCV  
  119  14:49  Marine x3  
  122  15:06  Marine x2  
  124  15:08  SCV x2  
  124  15:09  Marine x2  
  124  15:10  Marauder x2, Marine  
  133  15:26  Marine x3  
  133  15:27  Marine x2  
  136  15:31  Marauder x2  
  136  15:35  Orbital Command  
  140  15:38  Marine  
  141  15:44  Marine  
  141  15:46  Barracks  
  141  15:48  Barracks x2  
  142  15:51  Barracks  
  142  16:01  Marine  
  142  16:02  Marauder x2, Marine x2  
  115  16:23  Marauder  
  83  16:40  Marine x2  
  83  16:41  Marauder, Marine x4  
  83  16:44  Marine  
  72  16:57  Barracks Tech Lab, Barracks Reactor  
  72  16:58  Barracks Reactor x2, Marine x3  
  72  16:59  Marine x3  
  78  17:02  Marine x2  
  80  17:16  Marine x5  
  80  17:17  Marine  
  80  17:20  Marine x2  
  80  17:21  Marine  
  89  17:34  Marine x6  
  95  17:38  Marauder x2, Marine  
  95  17:39  Marauder, Marine x5  
  107  17:51  Marine  
  107  17:52  Marine x5  
  107  17:56  Marine x2  
  107  17:57  Marine x4  
  119  17:59  Marauder  
  119  18:00  Marauder x2  
  125  18:09  Marine x2  
  125  18:10  Marine x4  
  131  18:14  Marine x3  
  131  18:15  Marine x3  
  137  18:21  Marauder x2  
  137  18:22  Marauder  
  143  18:27  Marine x3  
  143  18:28  Marine x3  
  143  18:32  Marine x4  
  143  18:33  Marine x2  
  155  18:42  Marauder x2  
  155  18:43  Marauder  
  155  18:45  Marine x4  
  155  18:46  Marine  
  166  18:49  Marine  
  166  18:50  Marine x5  
  166  18:51  Marine  
  173  19:03  Marine x5  
  173  19:04  Marauder x2  
  173  19:05  Marauder  
  173  19:07  Marine x2  
  173  19:08  Marine x5  
  191  19:25  Marauder x2  
  191  19:26  Marauder  
  197  19:36  Marine  
  197  19:37  Marine x3  
  197  19:46  Marauder  
Show
View Real Time Build Order
Export as new Build Order

bizou Zerg - Winner!

Build Orders: Hatch First 

Get SALT Encoding   

  12  0:01  Drone  
  13  0:14  Drone  
  14  0:20  Overlord  
  14  0:46  Hatchery  
  14  0:48  Drone  
  14  0:54  Drone  
  15  1:13  Drone  
  15  1:17  Drone, Spawning Pool  
  16  1:22  Extractor  
  16  1:23  Drone  
  16  1:26  Drone  
  17  1:46  Drone  
  19  1:47  Drone  
  19  2:16  Zergling x4  
  19  2:22  Roach Warren  
  20  2:23  Drone  
  20  2:27  Metabolic Boost  
  20  2:29  Queen  
  22  2:31  Queen  
  22  2:33  Zergling x2  
  25  2:40  Overlord  
  25  2:52  Zergling x6  
  28  2:58  Overlord  
  28  3:02  Zergling x2  
  29  3:05  Zergling x2  
  30  3:19  Drone  
  31  3:49  Drone  
  31  3:50  Drone x5  
  31  3:55  Extractor  
  36  4:01  Lair  
  36  4:07  Drone x6  
  42  4:22  Drone x2  
  44  4:24  Overlord x2  
  44  4:34  Extractor  
  44  4:35  Extractor  
  42  4:53  Hatchery  
  42  4:56  Drone  
  42  4:57  Drone x2  
  44  5:01  Drone x3  
  44  5:05  Drone x2  
  44  5:06  Drone  
  50  5:21  Drone x2, Spire  
  50  5:22  Spire  
  50  5:25  Roach  
  51  5:53  Roach  
  51  5:54  Roach x3  
  58  5:58  Drone  
  58  6:00  Overlord x2  
  53  6:48  Corruptor  
  53  6:49  Corruptor x5  
  53  6:53  Corruptor x2  
  53  6:54  Corruptor  
  67  6:57  Drone x2  
  67  6:58  Drone  
  64  7:10  Drone  
  65  7:21  Drone x2  
  67  7:28  Zerg Flyer Weapons Level 1, Extractor  
  67  7:29  Hatchery, Zerg Flyer Armor Level 1  
  65  7:33  Drone x3  
  68  7:47  Zergling x8  
  72  7:52  Drone x3  
  72  7:57  Drone x3, Extractor  
  72  7:58  Drone x3  
  80  8:14  Hatchery  
  80  8:18  Drone  
  80  8:19  Hatchery  
  79  8:28  Drone x3, Infestation Pit  
  79  8:32  Drone  
  79  8:33  Overlord  
  79  8:34  Overlord x2  
  82  8:51  Corruptor  
  82  8:52  Corruptor x3  
  90  9:11  Mutalisk x6  
  101  9:36  Corruptor x5  
  101  9:37  Corruptor  
  113  9:42  Zerg Flyer Weapons Level 2  
  113  9:47  Zerg Flyer Armor Level 2  
  113  9:51  Drone x3  
  116  10:08  Overlord x2  
  116  10:09  Overlord x4  
  116  10:11  Corruptor  
  111  11:46  Corruptor x3  
  117  12:01  Mutalisk  
  119  12:16  Roach x5  
  119  12:17  Roach x6  
  119  12:18  Roach  
  143  12:25  Corruptor  
  143  12:27  Roach  
  147  12:39  Roach  
  147  12:40  Roach x2  
  153  12:49  Hive  
  153  12:54  Hydralisk Den  
  153  12:56  Roach x2  
  153  12:57  Roach x6  
  153  12:58  Roach x2  
  172  12:59  Overlord x4  
  172  13:00  Overlord  
  170  14:43  Corruptor  
  170  14:44  Corruptor x5  
  170  14:45  Corruptor x7  
  184  15:35  Corruptor x3  
  183  15:36  Corruptor x5  
  199  16:14  Greater Spire  
  199  16:16  Zerg Flyer Weapons Level 3  
  199  16:19  Zergling x2  
  178  17:13  Corruptor x2  
  178  17:14  Corruptor x6  
  178  17:15  Corruptor x3  
  200  17:53  Hatchery  
  199  18:45  Extractor  
  198  18:49  Extractor  
  197  19:30  Evolution Chamber  
  196  19:32  Evolution Chamber  
  196  19:34  Evolution Chamber  
  200  20:36  Hatchery  
Show
View Real Time Build Order
Export as new Build Order

WidowMaker Protoss 

Build Orders:  

Get SALT Encoding   

  12  0:03  Probe (Chrono Boost)  
  13  0:13  Probe (Chrono Boost)  
  14  0:27  Probe (Chrono Boost)  
  15  0:33  Pylon  
  15  0:51  Probe (Chrono Boost)  
  16  0:59  Gateway  
  16  1:03  Forge  
  16  1:08  Probe (Chrono Boost)  
  17  1:16  Assimilator  
  17  1:18  Probe (Chrono Boost)  
  17  1:20  Pylon  
  18  1:29  Probe (Chrono Boost)  
  19  1:44  Photon Cannon  
  19  1:49  Zealot  
  19  1:53  Probe (Chrono Boost)  
  22  1:59  Cybernetics Core  
  22  2:02  Pylon  
  22  2:03  Probe (Chrono Boost)  
  23  2:14  Probe (Chrono Boost)  
  24  2:31  Nexus  
  24  2:35  Probe (Chrono Boost)  
  25  2:37  Zealot  
  27  2:48  Warp Gate, Assimilator  
  27  2:53  Probe (Chrono Boost)  
  28  2:58  Photon Cannon  
  28  3:05  Probe (Chrono Boost)  
  29  3:09  Stalker  
  31  3:22  Probe (Chrono Boost)  
  32  3:33  Probe (Chrono Boost)  
  33  3:41  Assimilator  
  33  3:43  Pylon  
  33  3:55  Gateway  
  33  3:56  Gateway  
  33  3:59  Twilight Council  
  33  4:08  Stalker  
  35  4:10  Probe (Chrono Boost)  
  36  4:21  Probe (Chrono Boost)  
  37  4:26  Probe (Chrono Boost)  
  38  4:40  Pylon  
  38  4:43  Gateway  
  38  4:55  Charge (Chrono Boost)  
  38  4:56  Photon Cannon  
  38  5:06  Stalker x3  
  44  5:30  Gateway  
  44  5:31  Probe  
  44  5:35  Pylon  
  45  5:38  Pylon  
  45  5:41  Stalker x3  
  49  5:43  Probe  
  50  5:56  Stalker  
  41  6:16  Zealot x2  
  30  6:34  Probe, Stalker  
  33  6:45  Probe, Zealot x2  
  36  6:55  Probe  
  29  7:06  Probe  
  30  7:09  Blink  
  30  7:10  Probe  
  31  7:16  Probe  
  31  7:22  Probe  
  33  7:27  Probe  
  34  7:34  Probe  
  34  7:35  Forge, Nexus  
  35  7:37  Probe  
  36  7:45  Pylon  
  36  7:48  Probe  
  37  7:57  Stalker  
  37  7:58  Stalker x2  
  43  8:09  Gateway  
  43  8:13  Robotics Facility  
  43  8:15  Pylon  
  43  8:23  Protoss Ground Weapons Level 1 (Chrono Boost)  
  43  8:30  Stalker x2  
  43  8:31  Stalker  
  43  8:32  Probe  
  50  8:43  Probe  
  51  8:56  Gateway  
  51  9:03  Pylon  
  51  9:05  Probe  
  52  9:16  Probe  
  52  9:21  Robotics Bay  
  53  9:26  Probe, Immortal  
  53  9:28  Stalker x3  
  64  9:31  Stalker  
  64  9:37  Probe  
  66  9:43  Pylon  
  67  9:47  Probe  
  67  9:49  Assimilator  
  68  9:54  Pylon  
  68  10:00  Protoss Ground Armor Level 1 (Chrono Boost)  
  68  10:08  Colossus (Chrono Boost)  
  68  10:10  Extended Thermal Lance  
  74  10:27  Stalker  
  74  10:28  Stalker x3  
  82  10:33  Stalker  
  39  11:04  Stalker x3  
  37  11:05  Stalker x2  
  41  11:27  Zealot x2  
  41  11:28  Zealot x3  
  35  11:49  Zealot x5  
  39  12:10  Gateway  
  39  12:14  Stalker x2  
  39  12:15  Stalker x3  
  43  12:34  Pylon  
  43  12:36  Assimilator  
  43  12:40  Pylon  
  43  12:42  Colossus (Chrono Boost)  
  49  12:56  Robotics Facility  
  49  13:06  Protoss Ground Weapons Level 2  
  49  13:12  Stalker x2  
  59  14:02  Colossus (Chrono Boost)  
  59  14:06  Photon Cannon, Assimilator  
  59  14:08  Photon Cannon  
  59  14:10  Photon Cannon  
  59  14:14  Colossus (Chrono Boost)  
  65  14:18  Stalker x2  
  69  14:40  Zealot  
  69  14:41  Zealot x2  
  43  15:36  Nexus  
  47  15:46  Immortal (Chrono Boost)  
  47  15:51  Stalker  
Show
View Real Time Build Order
Export as new Build Order

OMG Terran 

Build Orders:  

Get SALT Encoding   

  12  0:01  SCV  
  13  0:13  SCV  
  14  0:25  SCV  
  14  0:26  Supply Depot  
  15  0:44  Refinery  
  15  0:47  SCV  
  15  0:48  Barracks  
  16  0:59  Refinery, SCV  
  17  1:12  SCV, Supply Depot  
  18  1:24  SCV  
  19  1:35  Marine  
  19  1:38  Bunker  
  20  1:45  SCV  
  21  1:56  Marine  
  21  1:57  SCV  
  23  2:02  Factory  
  23  2:14  Marine  
  24  2:24  Factory  
  24  2:33  Orbital Command  
  24  2:40  Marine  
  25  2:48  Factory Tech Lab  
  25  2:59  SCV  
  26  3:07  Infernal Pre-Igniter  
  26  3:10  Hellion  
  26  3:11  SCV  
  31  3:20  Hellion  
  31  3:26  Supply Depot  
  31  3:33  Supply Depot  
  31  3:48  Hellion, SCV, Marine  
  35  3:56  Hellion  
  35  4:01  Starport  
  37  4:03  SCV  
  38  4:22  Siege Tank  
  41  4:25  Factory Reactor  
  39  4:48  Command Center  
  39  4:54  Hellion  
  41  5:02  Hellion  
  41  5:03  Hellion  
  45  5:08  SCV  
  45  5:12  Supply Depot  
  46  5:17  Supply Depot  
  46  5:34  Hellion, Viking  
  40  6:23  Hellion x3  
  44  6:28  SCV  
  44  6:31  Orbital Command  
  45  6:33  Refinery  
  45  6:40  SCV  
  45  6:42  Refinery, Supply Depot  
  45  6:44  Hellion x2  
  50  6:50  Hellion, Marine  
  50  6:52  SCV  
  54  7:04  SCV  
  54  7:05  Hellion  
  55  7:12  Hellion x2  
  55  7:15  SCV  
  60  7:16  SCV  
  60  7:19  Viking  
  63  7:27  SCV  
  64  7:30  Starport  
  64  7:33  Siege Tank  
  67  7:41  SCV  
  68  7:49  Viking  
  68  7:51  SCV  
  71  7:53  SCV  
  71  7:56  Supply Depot  
  72  8:00  Engineering Bay  
  72  8:13  SCV  
  72  8:17  Starport Tech Lab  
  73  8:20  Starport Tech Lab  
  73  8:23  SCV  
  74  8:38  Command Center  
  74  8:45  Marine  
  74  8:47  Hellion x3  
  81  9:03  Marine  
  74  9:21  Marine  
  73  9:28  Hellion x3  
  73  9:30  Banshee  
  73  9:31  Banshee  
  77  9:33  Cloaking Field  
  77  9:34  SCV  
  78  9:39  Supply Depot  
  78  9:44  SCV  
  79  9:46  SCV  
  79  9:49  Hellion  
  79  9:50  Supply Depot  
  82  9:54  Orbital Command  
  82  9:55  Refinery  
  82  9:56  SCV  
  82  9:58  Refinery  
  82  9:59  SCV  
  84  10:05  Hellion  
  86  10:13  Banshee x2  
  92  10:14  Hellion x2  
  92  10:16  SCV  
  97  10:27  Hellion  
  99  10:31  Marine  
  100  10:36  Hellion x2  
  104  10:48  Hellion  
  104  10:49  Marine  
  107  10:56  Banshee  
  102  11:07  Hellion, Marine  
  102  11:08  Hellion  
  102  11:09  Hellion  
  99  11:25  Marine  
  87  11:29  Hellion  
  80  11:36  Missile Turret  
  80  11:38  SCV  
  80  11:39  Missile Turret x2, Viking x2  
  80  11:41  Missile Turret  
  53  12:09  Viking  
  40  12:41  SCV  
  25  12:53  SCV  
  25  12:56  Barracks  
  25  12:57  Barracks  
  26  13:01  Missile Turret  
  26  13:05  SCV  
  26  13:17  Missile Turret  
  26  13:18  SCV  
  22  13:23  Missile Turret  
  20  13:30  SCV  
  21  13:42  SCV  
  21  13:47  Factory  
  20  13:49  Factory  
  20  13:55  Missile Turret, SCV  
  16  14:01  Missile Turret  
  16  14:07  SCV  
  17  14:12  Marine x2  
  19  14:19  SCV  
  19  14:21  Missile Turret  
  20  14:35  Hellion x2  
  20  14:37  SCV  
  25  14:56  Hellion x2  
  27  15:17  Hellion  
  27  15:18  Hellion  
  27  15:37  Marine x2  
  27  15:39  Hellion x2, Banshee  
  36  16:00  Hellion x2  
  40  16:07  SCV  
  40  16:11  Missile Turret  
  31  16:22  Hellion x2  
Show
View Real Time Build Order
Export as new Build Order

Slugger Protoss 

Build Orders: 1 Gate Expand, Forge Fast Expand (FFE) 

Get SALT Encoding   

  12  0:03  Probe (Chrono Boost)  
  13  0:13  Probe (Chrono Boost)  
  14  0:24  Probe (Chrono Boost)  
  15  0:34  Pylon  
  15  0:52  Probe (Chrono Boost)  
  15  0:54  Gateway  
  16  0:58  Forge  
  16  1:03  Probe (Chrono Boost)  
  17  1:26  Nexus  
  17  1:40  Assimilator  
  17  1:46  Assimilator  
  17  1:50  Probe (Chrono Boost), Pylon  
  18  2:00  Probe (Chrono Boost)  
  19  2:05  Photon Cannon  
  19  2:13  Photon Cannon  
  19  2:29  Cybernetics Core  
  19  2:31  Probe (Chrono Boost)  
  20  2:39  Probe (Chrono Boost)  
  22  2:44  Probe (Chrono Boost)  
  22  2:50  Probe (Chrono Boost)  
  23  2:55  Probe (Chrono Boost)  
  24  3:00  Probe (Chrono Boost)  
  24  3:05  Probe (Chrono Boost)  
  26  3:11  Probe (Chrono Boost), Assimilator  
  27  3:21  Probe (Chrono Boost), Stargate  
  27  3:24  Probe (Chrono Boost)  
  29  3:32  Probe (Chrono Boost)  
  30  3:35  Probe (Chrono Boost)  
  31  3:42  Probe (Chrono Boost)  
  31  3:45  Probe (Chrono Boost)  
  31  3:46  Assimilator  
  33  3:53  Probe (Chrono Boost)  
  34  4:03  Probe (Chrono Boost)  
  34  4:07  Fleet Beacon  
  35  4:10  Phoenix  
  35  4:14  Probe (Chrono Boost)  
  35  4:15  Probe (Chrono Boost)  
  39  4:23  Probe (Chrono Boost)  
  39  4:24  Protoss Air Weapons Level 1 (Chrono Boost)  
  39  4:26  Probe  
  41  4:33  Probe  
  41  4:38  Probe  
  43  4:44  Probe  
  44  4:54  Probe, Stargate  
  44  4:59  Pylon  
  45  5:02  Pylon  
  45  5:05  Pylon  
  45  5:10  Pylon  
  45  5:14  Probe, Pylon  
  45  5:16  Void Ray  
  50  5:25  Probe, Nexus  
  51  5:35  Probe, Stargate  
  51  5:38  Stargate  
  52  5:48  Void Ray  
  55  5:59  Void Ray  
  55  6:31  Void Ray  
  59  6:37  Void Ray  
  63  6:42  Void Ray  
  63  6:44  Void Ray  
  71  7:11  Probe  
  72  7:18  Assimilator  
  72  7:21  Probe  
  72  7:22  Probe  
  72  7:23  Assimilator  
  72  7:29  Probe  
  75  7:32  Probe  
  75  7:33  Probe  
  75  7:34  Pylon  
  77  7:39  Pylon  
  77  7:41  Probe  
  77  7:42  Probe  
  77  7:43  Probe  
  77  7:44  Pylon  
  78  7:46  Protoss Air Weapons Level 2 (Chrono Boost)  
  78  7:48  Carrier x2  
  92  7:53  Probe  
  92  7:54  Probe  
  94  8:04  Probe, Gateway  
  94  8:06  Forge  
  94  8:11  Gateway  
  95  8:15  Probe  
  95  8:18  Carrier  
  102  8:22  Graviton Catapult  
  102  8:25  Probe  
  102  8:29  Carrier  
  109  8:36  Probe  
  109  8:41  Photon Cannon, Protoss Shields Level 1 (Chrono Boost)  
  110  8:46  Photon Cannon  
  110  8:48  Probe  
  111  9:00  Probe, Photon Cannon  
  112  9:05  Photon Cannon  
  112  9:12  Probe  
  112  9:16  Cybernetics Core  
  113  9:21  Twilight Council  
  113  9:48  Nexus  
  113  9:51  Assimilator  
  113  9:55  Assimilator  
  113  9:57  Protoss Air Armor Level 1  
  113  10:03  Protoss Air Weapons Level 3  
  113  10:33  Carrier  
  113  10:35  Carrier  
  110  10:37  Carrier x2  
  88  11:19  Probe  
  89  11:31  Probe  
  85  11:44  Probe  
  85  11:45  Forge  
  86  11:53  Pylon  
  86  11:56  Pylon  
  86  11:59  Carrier  
  86  12:00  Pylon  
  86  12:01  Carrier  
  92  12:03  Carrier  
  92  12:05  Pylon  
  104  12:11  Carrier  
  110  12:26  Stargate  
  110  12:28  Stargate  
  110  12:29  Probe  
  111  12:40  Probe, Protoss Shields Level 2 (Chrono Boost)  
  112  12:51  Probe  
  112  12:55  Protoss Air Armor Level 2  
  113  13:07  Probe  
  114  13:17  Probe  
  115  13:22  Carrier x2  
  115  13:24  Carrier  
  115  13:26  Carrier  
  139  13:36  Pylon  
  139  13:40  Pylon  
  139  13:44  Pylon  
  139  13:48  Pylon  
  139  13:53  Carrier  
  145  13:57  Carrier  
  151  14:11  Probe  
  152  14:19  Nexus  
  152  14:22  Probe  
  153  14:32  Probe  
  154  14:48  Carrier x2  
  154  14:50  Carrier  
  172  15:04  Carrier  
  166  15:09  Protoss Shields Level 3 (Chrono Boost)  
  148  15:19  Carrier  
  142  15:23  Carrier, Protoss Air Armor Level 3  
  142  15:25  Assimilator  
  124  15:48  Probe  
  125  15:53  Assimilator  
  121  15:58  Probe  
  114  16:16  Carrier  
  64  17:55  Nexus  
Tags
 
Add a new tag
Caveats
  • Supply blocks, unpowered buildings, or Contaminate may cause inaccurate times.
  • Supply counts are checked every 10 seconds.